 Dungeon Crawl Stone Soup version 0.21.1-1-g345015fe64 (webtiles) character file.

79 NullDivider the Charlatan (level 4, -7/23 HPs)
             Began as a Spriggan Artificer on Apr 29, 2018.
             Killed by divine providence
             ... invoked by an orc priest
              (11 damage)
             ... on level 4 of the Dungeon.
             The game lasted 00:13:22 (3904 turns).

NullDivider the Charlatan (Spriggan Artificer)      Turns: 3904, Time: 00:13:22

Health: -7/23      AC:  5    Str:  8    XL:     4   Next: 16%
Magic:  8/8        EV: 19    Int: 12    God:
Gold:   120        SH:  0    Dex: 17    Spells: 3/3 levels left

rFire    . . .     SeeInvis +   h - +2 dagger (holy)
rCold    . . .     Gourm    .   (shield restricted)
rNeg     . . .     Faith    .   b - +0 robe
rPois    .         Spirit   .   (helmet restricted)
rElec    .         Reflect  .   o - +2 cloak {MR+}
rCorr    .         Harm     .   (gloves unavailable)
MR       +....                  (boots unavailable)
Stlth    ++........             (no amulet)
HPRegen  0.07/turn              (no ring)
MPRegen  0.11/turn              (no ring)

@: very quick
A: very small, unfitting armour, see invisible, herbivore, speed 3, slow
metabolism 2
a: no special abilities


You were on level 4 of the Dungeon.
You were hungry.

You visited 1 branch of the dungeon, and saw 4 of its levels.

You collected 120 gold pieces.

Inventory:

Hand Weapons
 a - a +0 hunting sling
 h - a +2 dagger of holy wrath (weapon)
Missiles
 m - 63 stones (quivered)
 t - 21 arrows
 v - 20 sling bullets
Armour
 b - a +0 robe (worn)
 o - a +2 cloak of magic resistance (worn)
Wands
 c - a wand of flame (11)
 d - a wand of enslavement (15)
 e - a wand of random effects (15)
Scrolls
 g - 2 scrolls of magic mapping
 j - 3 scrolls of teleportation {unknown}
 k - a scroll of blinking {unknown}
 l - a scroll of immolation {unknown}
 q - a scroll of identify
 s - a scroll of remove curse
Potions
 i - a potion of agility {unknown}
 n - a potion of cancellation {unknown}
 p - 2 potions of resistance {unknown}
 r - a potion of heal wounds {unknown}
 u - a potion of degeneration {unknown}
Comestibles
 f - 3 rations


   Skills:
 * Level 2.0 Fighting
 + Level 1.9 Short Blades
 + Level 3.9 Dodging
 + Level 2.8 Stealth
 + Level 4.5 Evocations


You had 3 spell levels left.
You didn't know any spells.

Dungeon Overview and Level Annotations

Branches:
Dungeon (4/15)
 Temple: D:4-7

Altars:


Innate Abilities, Weirdness & Mutations

You are very small and have problems with some larger weapons.
You are too small for most types of armour.
You have supernaturally acute eyesight. (SInv)
You are a herbivore.
You cover ground extremely quickly.
You need consume almost no food.


Message History

The orc priest invokes the aid of Beogh against you.
Beogh smites you!
You hit the orc priest.
The orc priest is heavily wounded.
The orc priest barely misses you.
You closely miss the orc priest.
The orc priest is heavily wounded.
The orc priest hits you with a short sword.
You barely miss the orc priest.
The orc priest is heavily wounded.
The orc priest hits you with a short sword.
* * * LOW HITPOINT WARNING * * *
Evoke which item? (* to show all) (? for menu, Esc to quit)
Aiming: Throw Flame
Press: ? - help, Shift-Dir - straight line, f - orc priest
Aim: an orc priest, wielding a short sword and wearing a leather armour (heavily wounded)
The puff of flame misses the orc priest.
The orc priest mumbles some strange prayers to Beogh against you.
Beogh smites you!
You die...

#..........#≈≈#.####.#
#..#########≈≈#.# #..
#..≈≈≈.#.# #.
+(.≈≈≈.#.# #
#(.≈≈..#.#
###.h≈≈..#.##
..(.g≈≈..[.<#
....≈≈≈#.#(##
≈≈≈≈§§.[o@.#
≈≈≈≈≈#.#(###
.o..o..#.# ########.#
..# ###


You could see an orc priest, a jackal and a goblin.

Vanquished Creatures
  An adder (D:2)
  An ooze (D:3)
  2 leopard geckos
  3 orcs
  3 bats
  3 giant cockroaches
  8 goblins
  6 hobgoblins
  5 jackals
  2 quokkas
  A ball python (D:3)
  5 frilled lizards
  9 kobolds
  4 rats
53 creatures vanquished.

Notes
Turn   | Place    | Note
-------+----------+-------------------------------------------
     0 | D:1      | NullDivider the Spriggan Artificer began the quest for the Orb.
     0 | D:1      | Reached XP level 1. HP: 9/9 MP: 4/4
    89 | D:1      | Reached skill level 1 in Fighting
   393 | D:1      | Reached XP level 2. HP: 4/14 MP: 6/6
  2041 | D:2      | Reached XP level 3. HP: 17/18 MP: 7/7
  3632 | D:4      | Reached XP level 4. HP: 23/23 MP: 8/8
  3904 | D:4      | Killed from afar by an orc priest

Skill      XL: |  1  2  3  4 |
---------------+-------------+-----
Fighting       | 1 2 |  2.0
Stealth        | 2 |  2.8
Short Blades   | |  1.9
Dodging        | |  3.9
Evocations     | |  4.5

Action                   |  1- 3 |  4- 6 || total
-------------------------+-------+-------++-------
Melee: Short sword       |   114 |       ||   114
       Dagger            |    80 |    56 ||   136
 Fire: Hunting sling     |     7 |       ||     7
Evoke: Wand              |     3 |     1 ||     4
  Use: Scroll            |     3 |       ||     3
 Stab: Sleeping          |    11 |       ||    11
       Distracted        |     1 |       ||     1
Armor: Robe              |    22 |     2 ||    24
Dodge: Dodged            |   187 |    49 ||   236
